 Dungeon Crawl Stone Soup version 0.28-a0-1002-gf00fe891ef (webtiles) character file.

Game seed: 12499499193867528016

120 tnor the Chopper (level 5, -15/60 HPs)
             Began as a Djinni Cinder Acolyte on Dec 6, 2021.
             Was a High Priest of Ignis.
             Blown up by Ijyb (18 damage)
             ... with a mindburst bolt
             ... on level 3 of the Dungeon.
             The game lasted 00:08:04 (3497 turns).

tnor the Chopper (Djinni Cinder Acolyte)            Turns: 3497, Time: 00:08:05

Health: -15/60     AC: 22    Str: 13    XL:     5   Next: 25%
Gold:   83         EV:  2    Int: 17    God:    Ignis [*****.] SH:  0 Dex:  9

rFire   + . .      SeeInvis .   d - +1 war axe (vorpal)
rCold   . . .      Faith    .   (no shield)
rNeg    . . .      Spirit   .   (armour currently unavailable)
rPois   ∞          Reflect  .   (helmet currently unavailable)
rElec   .          Harm     .   (cloak currently unavailable)
rCorr   .          Rampage  .   (gloves currently unavailable)
Will    .....      NoTele   +   (boots unavailable)
Stlth   +.........              (no amulet)
HPRegen 0.20/turn               (no ring)
MPRegen 0.00/turn               (no ring)

@: tree-form
A: stationary, stasis, torment immunity, boosted hp, sickness immunity, (fire
resistance 2), (cold vulnerability 1), float, innate caster, hp casting, extra
vitality 1
a: Renounce Religion, Fiery Armour, Foxfire Swarm, Rising Flame


You were on level 3 of the Dungeon.
You worshipped Ignis.
Ignis was extremely pleased with you.
You were a tree.
You visited 1 branch of the dungeon, and saw 3 of its levels.

You collected 83 gold pieces.

Inventory:

Hand Weapons
 a - a -1 hand axe of flaming
 d - a +1 vorpal war axe (weapon)
Missiles
 f - 54 stones
Armour
 b - a +0 robe (melded)
Scrolls
 i - a scroll of fog
Potions
 g - a potion of haste {unknown}
 h - a potion of flight {unknown}


   Skills:
 - Level 3.0 Fighting
 * Level 3.9 Axes
 + Level 3.2 Spellcasting


You had 5 spell levels left.
You knew the following spells:

 Your Spells              Type           Power      Damage    Failure   Level
a - Scorch                Fire           26%        2d6       7%          2
b - Sandblast             Erth           26%        2d8       4%          1
c - Ensorcelled Hibernat  Hex/Ice        26%        N/A       7%          2
Your spell library was empty.

Dungeon Overview and Level Annotations

Branches:
Dungeon (3/15)

Altars:
Nemelex Xobeh
Okawaru
Vehumet
Yredelemnul

Shops:
D:2 [

Annotations:
D:3 Ijyb


Innate Abilities, Weirdness & Mutations

You are a tree.
Your roots penetrate the ground, keeping you stationary.
You cannot be teleported.
You are immune to unholy pain and torment.
Your maximum health is greatly increased.
Your equipment is partially melded.
You are immune to sickness and miasma.
You are immune to poison.
((Your flesh is very heat resistant. (rF++)))
((You are vulnerable to cold. (rC-)))
You float through the air rather than walking.
You learn spells naturally, not from books.
Your magical power is your life essence.
You have superior vitality. (+4 HP)


Message History

Ijyb barely misses you.
Casting: Scorch (safe; 7% risk of failure)
Confirm with . or Enter, or press ? or * to list all spells.
Flames lash Ijyb.
Ijyb is severely wounded.
Ijyb's fire resistance burns away.
* * * LOW HITPOINT WARNING * * *
Ijyb hits you but does no damage.
Casting: Scorch (safe; 7% risk of failure)
Confirm with . or Enter, or press ? or * to list all spells.
Aiming: Sandblast (safe; 4% risk of failure)
Press: ? - help, Shift-Dir - straight line, f - Ijyb
Aim: Ijyb, wielding a +0 club, wearing a +0 scale mail and carrying a wand of mindburst (16) (severely wounded, more vulnerable to fire, 77% to hit)
The blast of sand hits Ijyb but does no damage.
Ijyb is severely wounded.
f - 56 stones
* * * LOW HITPOINT WARNING * * *
Ijyb zaps a wand.
Your mind is blasted!
* * * LOW HITPOINT WARNING * * *
Casting: Sandblast (safe; 4% risk of failure)
Confirm with . or Enter, or press ? or * to list all spells.
Aiming: Sandblast (safe; 4% risk of failure)
Press: ? - help, Shift-Dir - straight line, f/p - Ijyb
Aim: Ijyb, wielding a +0 club, wearing a +0 scale mail and carrying a wand of mindburst (15) (severely wounded, more vulnerable to fire, 77% to hit)
The blast of sand hits Ijyb but does no damage.
Ijyb is severely wounded.
f - 55 stones
* * * LOW HITPOINT WARNING * * *
Ijyb hits you but does no damage.
Casting: Sandblast (safe; 4% risk of failure)
Confirm with . or Enter, or press ? or * to list all spells.
Aiming: Sandblast (safe; 4% risk of failure)
Press: ? - help, Shift-Dir - straight line, f/p - Ijyb
Aim: Ijyb, wielding a +0 club, wearing a +0 scale mail and carrying a wand of mindburst (15) (severely wounded, more vulnerable to fire, 77% to hit)
The blast of sand hits Ijyb but does no damage.
Ijyb is severely wounded.
f - 54 stones
* * * LOW HITPOINT WARNING * * *
Ijyb zaps a wand.
Your mind is blasted!
You die...

... #.... #####......
... ......##...#......
.... ...........#......
....) ..#######.........
.....##.# ### #.##......
...>....#######........♣
#......S+.._..'.......)†
#g###.###......##. #♣#
#.# #......###
#.###'###......# #
#..............###
#.#####.##..............
#........######.........
########## #.........
#......... #.........
..........


You could see Ijyb (combustible) and an adder (combustible).

Vanquished Creatures
  4 adders (D:2)
  4 dart slugs
  6 orcs (D:3)
  3 endoplasms
  6 giant cockroaches
  3 goblins
  4 hobgoblins
  5 kobolds
  4 quokkas
  13 ball pythons
  9 bats
  5 frilled lizards
  5 rats
71 creatures vanquished.

Notes
Turn   | Place    | Note
-------+----------+-------------------------------------------
     0 | D:1      | tnor the Djinni Cinder Acolyte began the quest for the Orb.
     0 | D:1      | Reached XP level 1. HP: 20/20 MP: 0/0
   439 | D:1      | Reached XP level 2. HP: 16/25 MP: 0/0
   751 | D:1      | Reached XP level 3. HP: 18/30 MP: 0/0
   751 | D:1      | Learned a level 1 spell: Sandblast
  1506 | D:1      | Found a faded altar of an unknown god.
  2175 | D:2      | Reached XP level 4. HP: 33/35 MP: 0/0
  2585 | D:2      | Found Georud's Armour Shoppe.
  2798 | D:2      | Reached XP level 5. HP: 38/40 MP: 0/0
  2798 | D:2      | Learned a level 2 spell: Ensorcelled Hibernation
  3168 | D:3      | Found a basalt altar of Yredelemnul.
  3171 | D:3      | Found a sparkling altar of Nemelex Xobeh.
  3459 | D:3      | Found an iron altar of Okawaru.
  3479 | D:3      | Noticed Ijyb
  3497 | D:3      | Blown up by Ijyb

Illustrated notes

Levels and vault maps discovered:
D:1:      onia_arrival_mini_maze_b, layout_loops_ring,
          ebering_ecumenical_altar_hall
D:2:      layout_loops_ring, serial_shops, shop, minmay_snake_closets
D:3:      layout_basic, lemuel_doored_altar, minitemple, serial_park_tiny_1,
          uniq_ijyb, uniq_pargi, uniq_grinder, uniq_sigmund

Skill      XL: |  1  2  3  4 |
---------------+-------------+-----
Axes           | 3 |  3.9
Spellcasting   | 3 |  3.2
Fighting       | |  3.0

Action                   |  1- 3 |  4- 6 || total
-------------------------+-------+-------++-------
Melee: Hand axe          |    29 |       ||    29
       War axe           |       |     5 ||     5
 Cast: Scorch            |    40 |    40 ||    80
       Sandblast         |       |     3 ||     3
       Ensorcelled Hiber |       |     1 ||     1
  Use: Scroll            |     2 |     5 ||     7
       Potion            |       |     3 ||     3
 Stab: Sleeping          |       |     1 ||     1
Armor: Robe              |     2 |     6 ||     8
       Skin              |       |     3 ||     3
Dodge: Dodged            |    22 |     6 ||    28

Table legend: (Time is in decaauts)
 A = Elapsed time spent in this place.
 B = Non-inter-level travel time spent in this place.
 C = Inter-level travel time spent in this place.
 D = Time resting spent in this place.
 E = Time spent auto-exploring this place.
 F = Levels seen in this place.
 G = Mean time per level.
                   A        B        C        D        E       F      G
               +--------+--------+--------+--------+--------+-----+--------+
         Total |   3502 |   3422 |     80 |      4 |   3063 |   3 | 1167.3 |
       Dungeon |   3502 |   3422 |     80 |      4 |   3063 |   3 | 1167.3 |
               +--------+--------+--------+--------+--------+-----+--------+

Top non-repeatable levels by time:
     D:1: 1806 daAuts
     D:2: 1245 daAuts
     D:3: 450 daAuts
